 Dungeon Crawl Stone Soup version 0.24-a0-251-g44e327e (webtiles) character file.

Game seed: 9656182496864968080

209 mhoghedin the Shooter (level 5, -3/47 HPs)
             Began as a Centaur Hunter on Apr 16, 2019.
             Killed by nerve-wracking pain
             ... invoked by Grinder
              (11 damage)
             ... on level 3 of the Dungeon.
             The game lasted 00:03:42 (2755 turns).

mhoghedin the Shooter (Centaur Hunter)              Turns: 2755, Time: 00:03:43

Health: -3/47      AC:  5    Str: 15    XL:     5   Next: 55%
Magic:  5/5        EV:  9    Int: 10    God:
Gold:   135        SH:  0    Dex: 10    Spells: 4/4 levels left

rFire    . . .     SeeInvis .   a - +2 shortbow
rCold    . . .     Gourm    .   (shield currently unavailable)
rNeg     . . .     Faith    .   c - +0 leather armour
rPois    .         Spirit   .   o - +0 helmet
rElec    .         Reflect  .   (no cloak)
rCorr    .         Harm     .   (no gloves)
MR       .....                  (no barding)
Stlth    +.........             (no amulet)
HPRegen  0.15/turn              (no ring)
MPRegen  0.09/turn              (no ring)

@: very quick
A: large, hooves 3, deformed body, speed 2, tough skin 3
a: no special abilities


You were on level 3 of the Dungeon.
You were not hungry.

You visited 1 branch of the dungeon, and saw 3 of its levels.

You collected 135 gold pieces.

Inventory:

Hand Weapons
 a - a +2 shortbow (weapon)
 b - a +0 short sword
Missiles
 d - 34 arrows (quivered)
Armour
 c - a +0 leather armour (worn)
 o - a +0 helmet (worn)
   (You found it on level 2 of the Dungeon)
Scrolls
 g - 5 scrolls of identify
Comestibles
 f - 11 rations


   Skills:
 + Level 4.3 Fighting
 + Level 7.4 Bows
 - Level 1.3 Dodging
 - Level 0.4 Stealth


You had 4 spell levels left.
You didn't know any spells.
Your spell library was empty.

Dungeon Overview and Level Annotations

Branches:
Dungeon (3/15)

Altars:

Annotations:
D:3 Grinder


Innate Abilities, Weirdness & Mutations

You have hooves in place of feet.
Armour fits poorly on your strangely shaped body.
You cover ground very quickly.
You have extremely tough skin. (AC +3)


Message History

Aim: a kobold You shoot an arrow.
The arrow hits the kobold!
You kill the kobold!
Grinder comes into view.
Firing (i - inventory)
d - 50 arrows (quivered)
Aim: Grinder You shoot an arrow.
The arrow hits Grinder but does no damage.
Grinder gestures at you.
You barely resist.
Okay, then.
Unknown command.
Okay, then.
Unknown command.
You aren't carrying any potions.
Firing (i - inventory)
d - 49 arrows (quivered)
Aim: Grinder You shoot an arrow.
The arrow hits Grinder.
Grinder rolls her eyes.
Firing (i - inventory)
d - 48 arrows (quivered)
Aim: Grinder (lightly wounded)
You shoot an arrow. The arrow hits Grinder!
Grinder blinks!
You start waiting.
Grinder is too close now for your liking.
Firing (i - inventory)
d - 47 arrows (quivered)
Aim: Grinder (moderately wounded)
You shoot an arrow. The arrow barely misses Grinder.
Firing (i - inventory)
d - 46 arrows (quivered)
Aim: Grinder (moderately wounded)
You shoot an arrow.
The arrow hits Grinder but does no damage.
Firing (i - inventory)
d - 45 arrows (quivered)
Aim: Grinder (moderately wounded)
You shoot an arrow. The arrow hits Grinder.
Grinder blinks!
Firing (i - inventory)
d - 44 arrows (quivered)
Aim: Grinder (moderately wounded)
You shoot an arrow. The arrow closely misses Grinder.
Grinder hits you.
You take 3 damage, and have 44/47 hp.
Firing (i - inventory)
d - 43 arrows (quivered)
Aim: Grinder (moderately wounded)
You shoot an arrow. The arrow barely misses Grinder.
Grinder blinks!
There are no items here.
You see here 2 arrows.
Grinder gestures at you.
You suddenly lose the ability to move!
Grinder says, "I used to sell toenails on the black market."
Grinder gestures at you. You resist with significant effort.
Grinder rolls her eyes.
Grinder hits you but does no damage.
You can move again.
Unknown command.
Firing (i - inventory)
d - 42 arrows (quivered)
Aim: Grinder (moderately wounded)
You shoot an arrow. The arrow closely misses Grinder.
Grinder hits you.
You writhe in agony.
You take 4 damage, and have 41/47 hp.
Firing (i - inventory)
d - 41 arrows (quivered)
Aim: Grinder (moderately wounded)
You shoot an arrow. The arrow hits Grinder!
Grinder hits you but does no damage.
Firing (i - inventory)
d - 40 arrows (quivered)
Aim: Grinder (heavily wounded)
You shoot an arrow. The arrow barely misses Grinder.
Grinder hits you!
You take 9 damage, and have 33/47 hp.
Firing (i - inventory)
d - 39 arrows (quivered)
Aim: Grinder (heavily wounded)
You shoot an arrow.
The arrow hits Grinder but does no damage.
Grinder barely misses you.
Firing (i - inventory)
d - 38 arrows (quivered)
Aim: Grinder (heavily wounded)
You shoot an arrow. The arrow barely misses Grinder.
Grinder barely misses you.
Firing (i - inventory)
d - 37 arrows (quivered)
Aim: Grinder (heavily wounded)
You shoot an arrow. The arrow closely misses Grinder.
Grinder barely misses you.
Firing (i - inventory)
d - 36 arrows (quivered)
Aim: Grinder (heavily wounded)
You shoot an arrow. The arrow hits Grinder!
Firing (i - inventory)
d - 35 arrows (quivered)
Aim: Grinder (severely wounded)
You shoot an arrow. The arrow closely misses Grinder.
Grinder gestures at you.
You suddenly lose the ability to move!
Grinder gestures at you.
You barely resist. Grinder gestures at you. Pain shoots through your body!
Grinder hits you.
You writhe in agony.
Grinder hits you but does no damage. Grinder hits you!
* * * LOW HITPOINT WARNING * * *
You can move again.
You take 25 damage, and have 8/47 hp.
MASSIVE DAMAGE!!
You are too injured to fight recklessly!
Grinder gestures at you. Pain shoots through your body!
You die...

#....(# ....
#####(# #.#. #(#
.###.#. #(# .......
#.# . #####. #.#
....####.. #.#
#....... ######.#
######.. #.@.5((#
#.. #)######### #..
#.# #.....# ##. #.#
#.###.# #.
#.###.###.########.
#..................
#####.###.#########
#.###.# # #.....# #


You could see Grinder.

Vanquished Creatures
  An ogre (D:3)
  4 adders
  7 worms
  2 dart slugs (D:1)
  3 leopard geckos
  An orc (D:3)
  15 goblins
  6 hobgoblins
  A quokka (D:3)
  7 bats
  5 frilled lizards
  8 kobolds
  6 rats
66 creatures vanquished.

Notes
Turn   | Place    | Note
-------+----------+-------------------------------------------
     0 | D:1      | mhoghedin the Centaur Hunter began the quest for the Orb.
     0 | D:1      | Reached XP level 1. HP: 17/17 MP: 1/1
   131 | D:1      | Reached XP level 2. HP: 25/25 MP: 2/2
   217 | D:1      | HP: 6/25 [hobgoblin/+0 club (4)]
   580 | D:1      | Reached skill level 6 in Bows
   741 | D:2      | Reached XP level 3. HP: 25/30 MP: 3/3
   782 | D:2      | Reached skill level 3 in Fighting
  1319 | D:2      | Reached XP level 4. HP: 30/38 MP: 4/4
  2082 | D:3      | Noticed an ogre
  2125 | D:3      | Killed an ogre
  2125 | D:3      | Reached skill level 4 in Fighting
  2125 | D:3      | Reached skill level 7 in Bows
  2125 | D:3      | Reached XP level 5. HP: 37/46 MP: 5/5
  2716 | D:3      | Noticed Grinder
  2737 | D:3      | Paralysed by Grinder for 4 turns
  2749 | D:3      | Paralysed by Grinder for 6 turns
  2754 | D:3      | HP: 8/47 [Grinder (9)]
  2755 | D:3      | Killed from afar by Grinder

Levels and vault maps discovered:
D:1:      evilmike_arrival_run_for_it, layout_rooms, minmay_tripent
D:2:      layout_basic
D:3:      layout_loops_cross, first_ration, minmay_ogre_servants, uniq_grinder

Skill      XL: |  1  2  3  4 |
---------------+-------------+-----
Bows           | 6 7 |  7.4
Fighting       | 3 4 |  4.3
Dodging        | |  1.3
Stealth        | |  0.4

Action                   |  1- 3 |  4- 6 || total
-------------------------+-------+-------++-------
Melee: Short sword       |    14 |       ||    14
       Kick              |     3 |       ||     3
 Fire: Shortbow          |   122 |   125 ||   247
  Use: Scroll            |       |     6 ||     6
       Potion            |       |     4 ||     4
  Eat: Ration            |       |     1 ||     1
       Chunk             |       |     1 ||     1
Armor: Leather armour    |    10 |    26 ||    36
Dodge: Dodged            |    16 |    38 ||    54

Table legend:
 A = Non-vault XP
 B = Vault XP
 C = Vault XP percentage of total XP
 D = Non-vault monster count
 E = Vault monster count
 F = Vault count percentage of total count
                 A         B        C        D         E       F
            +---------+---------+-------+---------+---------+-------
      Total |     155 |     144 |  48.2 |      54 |      12 |  18.2
            +---------+---------+-------+---------+---------+-------
        D:1 |      29 |      11 |  27.5 |      18 |       3 |  14.3
        D:2 |      66 |       0 |   0.0 |      20 |       0 |   0.0
        D:3 |      60 |     133 |  68.9 |      16 |       9 |  36.0
            +---------+---------+-------+---------+---------+-------

Levels and vault maps discovered:
D:1:      evilmike_arrival_run_for_it, layout_rooms, minmay_tripent
D:2:      layout_basic
D:3:      layout_loops_cross, first_ration, minmay_ogre_servants, uniq_grinder

Table legend:
 A = Turns spent in this place as a percentage of turns spent in the entire game.
 B = Non-inter-level travel turns spent in this place as a percentage of non-inter-level travel turns spent in the entire game.
 C = Inter-level travel turns spent in this place as a percentage of turns spent in this place.
 D = Turns resting spent in this place as a percentage of non-inter-level travel turns spent in this place.
 E = Turns spent auto-exploring this place as a percentage of non-inter-level travel turns spent in this place.
 F = Non-inter-level travel turns spent in this place divided by the number of levels of this place that you've seen.
                   A       B       C       D       E      F
               +-------+-------+-------+-------+-------+----------------------
         Total | 100.0 | 100.0 |   1.6 |  28.1 |  55.7 | 903.7
       Dungeon | 100.0 | 100.0 |   1.6 |  28.1 |  55.7 | 903.7
               +-------+-------+-------+-------+-------+----------------------

Table legend:
 A = Kills in this place as a percentage of kills in entire the game.
 B = Kills by you in this place as a percentage of kills by you in the entire game.
 C = Kills by friends in this place as a percentage of kills by friends in the entire game.
 D = Other kills in this place as a percentage of other kills in the entire game.
 E = Experience gained in this place as a percentage of experience gained in the entire game.
 F = Experience gained in this place divided by the number of levels of this place that you have seen.
                   A       B       C       D       E      F
               +-------+-------+-------+-------+-------+----------------------
         Total | 100.0 | 100.0 |   N/A |   N/A | 100.0 |  99.7
       Dungeon | 100.0 | 100.0 |   N/A |   N/A | 100.0 |  99.7
               +-------+-------+-------+-------+-------+----------------------
